 Dungeon Crawl Stone Soup version 0.29.0-4-gdea44cf6ec (webtiles) character file.

Game seed: 5058660720260481070

1786 qw the Cleaver (level 9, 0/45 (53) HPs)
             Began as a Tengu Warper on Aug 29, 2022.
             Was an Initiate of Okawaru.
             Slain by Maggie
             ... wielding a +2 broad axe of draining
              (3 damage)
             ... on level 7 of the Dungeon.
             The game lasted 00:00:40 (7608 turns).

qw the Cleaver (Tengu Warper)                       Turns: 7608, Time: 00:00:41

HP:   0/45 (53)     AC: 14    Str: 27    XL:     9   Next: 8%
MP:   13/13         EV: 11    Int: 13    God:    Okawaru [......]
Gold: 441           SH:  0    Dex: 18    Spells: 12/12 levels left

rFire   + + .      SeeInvis .   Y - +1 war axe (freeze)
rCold   . . .      Faith    .   (no shield)
rNeg    . . .      Spirit   .   c - +0 plate armour
rPois   .          Reflect  .   (helmet restricted)
rElec   .          Harm     .   m - +1 cloak
rCorr   +          Rampage  .   (no gloves)
Will    .....                   (boots unavailable)
Stlth   ..........              (no amulet)
HPRegen 0.15/turn               a - ring of Disaster {rF++ Str+6}
MPRegen 0.13/turn               d - ring of Canea {Contam rCorr Str+6 Dex+3}

@: flying quickly and evasively, mesmerised, heavily drained, quick
A: beak, talons 3, nimble flight
a: Renounce Religion


You were on level 7 of the Dungeon.
You worshipped Okawaru.
Okawaru was noncommittal.
You visited 2 branches of the dungeon, and saw 8 of its levels.

You collected 441 gold pieces.


Innate Abilities, Weirdness & Mutations

You have a beak for a mouth.
You have claws for feet.
Your magical nature lets you fly swiftly and evasively.


   Skills:
 + Level 4.9 Fighting
 - Level 10.0 Axes
 - Level 1.0 Throwing
 - Level 4.6 Armour
 - Level 4.2 Dodging
 - Level 2.0 Spellcasting
 - Level 2.4 Translocations


You had 12 spell levels left.
You didn't know any spells.
Your spell library contained the following spells:

 Spells                   Type           Power      Damage    Failure   Level
 Blink                    Tloc           14%        N/A       87%         2
 Gell's Gravitas          Tloc           7%         N/A       98%         3
 Lesser Beckoning         Tloc           7%         N/A       98%         3
 Teleport Other           Tloc           7%         N/A       98%         3
 Manifold Assault         Tloc           7%         N/A       100%        5

Inventory:

Hand Weapons
 h - a +0 flail
 Y - a +1 war axe of freezing (weapon)
Missiles
 f - a boomerang (quivered)
Armour
 c - a +0 plate armour (worn)
 m - a +1 cloak (worn)
Jewellery
 a - the ring of Disaster (left hand) {rF++ Str+6}
   (You acquired it on level 2 of the Dungeon)

   [ring of strength]

   Str:       It affects your strength (+6).
   rF:        It greatly protects you from fire.
 d - the ring of Canea (right hand) {Contam rCorr Str+6 Dex+3}
   (You found it on level 5 of the Dungeon)

   [ring of resist corrosion]

   Str:       It affects your strength (+6).
   Dex:       It affects your dexterity (+3).
   Contam:    It causes magical contamination when unequipped.
   rCorr:     It protects you from acid and corrosion.
Scrolls
 b - a scroll of butterflies {unknown}
 e - a scroll of identify
 j - a scroll of teleportation
Potions
 g - 4 potions of curing
 i - 2 potions of lignification {unknown}
 k - a potion of haste {unknown}
 l - a potion of magic {unknown}
 n - a potion of might {unknown}
 o - a potion of resistance {unknown}

Dungeon Overview and Level Annotations

Branches:
Dungeon (7/15)             Temple (1/1) D:6

Altars:
Ashenzari
Cheibriados
Fedhas
Gozag
Kikubaaqudgha
Makhleb
Nemelex Xobeh
Okawaru
Qazlal
Ru
Trog
Uskayaw
Vehumet
Wu Jian
Yredelemnul
The Shining One

Annotations:
D:2 1 runed translucent door, Crazy Yiuf
D:7 Maggie


Message History

You slice Maggie!! You freeze Maggie. You claw Maggie. Your peck misses Maggie.
Maggie is heavily wounded.
Maggie hits you with a +2 broad axe of draining!
You feel drained.
You hit Maggie but do no damage. You claw Maggie, but do no damage.
Your peck misses Maggie.
Maggie is heavily wounded.
Maggie points at you and mumbles some strange words.
The bolt of fire hits you but does no damage.
You resist.
You hit Maggie but do no damage. You punch Maggie, but do no damage.
Maggie is heavily wounded.
Maggie casts a spell at you. The bolt of fire hits you! You resist.
You barely miss Maggie.
Maggie is heavily wounded.
Maggie casts a spell.
Maggie attempts to bespell you!
You are mesmerised by Maggie!
You hit Maggie. You freeze Maggie.
Maggie is heavily wounded.
Maggie closely misses you.
You slash Maggie! You freeze Maggie. You claw Maggie, but do no damage.
Your peck misses Maggie.
Maggie is severely wounded.
Maggie hits you with a +2 broad axe of draining.
You feel drained.
You hit Maggie but do no damage. Your peck misses Maggie.
Maggie is severely wounded.
Maggie points at you and mumbles some strange words.
The bolt of fire misses you.
You closely miss Maggie. You claw Maggie, but do no damage.
Maggie is severely wounded.
Maggie hits you with a +2 broad axe of draining.
You feel drained.
You hit Maggie but do no damage. Your kick misses Maggie.
Maggie is severely wounded.
Maggie hits you with a +2 broad axe of draining!
You feel drained.
You die...

#..# #.##...##.# ...#
#.........####
<..########.........#
#.....#####....####.#
....................###.#
#.......................#
....................###.#
.).../###.#.....###.#
##.#### #.#.....@...#
##.# #.#...#@##### ##.#
#...#. )).# #. #### .. #
#. # #. # #.


You could see Maggie (mesmerising).

Vanquished Creatures
  Duvessa (D:7)
  An orc warrior (D:6)
  An ice beast (D:6)
  A sky beast (D:6)
  2 black bears (D:6)
  2 ogres
  A centaur (D:7)
  4 scorpions
  Dowan (D:7)
  2 quasits (D:4)
  3 orc priests
  7 iguanas
  7 orc wizards
  7 adders
  2 shadow imps (D:4)
  2 white imps (D:4)
  4 ufetubi
  A dart slug (D:3)
  21 orcs
  5 ball pythons
  3 bats
  8 endoplasms
  5 goblins
  9 hobgoblins
  2 jackals (D:2)
  9 kobolds
  2 quokkas
  2 frilled lizards
  8 rats
123 creatures vanquished.

Notes
Turn   | Place    | Note
-------+----------+-------------------------------------------
     0 | D:1      | qw the Tengu Warper began the quest for the Orb.
     0 | D:1      | Reached XP level 1. HP: 12/12 MP: 4/4
     0 | D:1      | 0 ||| qw: Version: 0.1-a-89-g26bdef1
     0 | D:1      | 0 ||| qw: Game counter: 3526
     0 | D:1      | 0 ||| qw: Always use a shield: true
     0 | D:1      | 0 ||| qw: God list: Okawaru
     0 | D:1      | 0 ||| qw: Allow faded altars: false
     0 | D:1      | 0 ||| qw: Do Orc after D:15 true
     0 | D:1      | 0 ||| qw: Do second Lair branch before Depths: true
     0 | D:1      | 0 ||| qw: Lair rune preference: random
     0 | D:1      | 0 ||| qw: Plans: Normal
     0 | D:1      | 0 ||| PLANNING D:1-11
   205 | D:1      | Reached skill level 3 in Axes
   205 | D:1      | Reached XP level 2. HP: 17/17 MP: 6/6
   934 | D:1      | 934 ||| UPGRADING to +0 ring mail.
   944 | D:1      | 944 ||| DROPPING +0 leather armour.
   945 | D:1      | 945 ||| READING 5 scrolls labelled MASCHEG HIWUK.
   946 | D:1      | 946 ||| DRINKING 2 white potions.
  1050 | D:1      | 1050 ||| DRINKING 3 smoky green potions.
  1051 | D:1      | 1051 ||| DROPPING 4 scrolls of vulnerability.
  1052 | D:1      | 1052 ||| DROPPING scroll of blinking.
  1053 | D:1      | 1053 ||| DROPPING potion of berserk rage.
  1130 | D:2      | 1130 ||| FLEEEEING.
  1166 | D:2      | 1166 ||| Stepping ~*~*~tactically~*~*~ (stealth).
  1181 | D:2      | Reached XP level 3. HP: 11/21 MP: 7/7
  1183 | D:2      | 1183 ||| Stepping ~*~*~tactically~*~*~ (stealth).
  1199 | D:2      | 1199 ||| FLEEEEING.
  1200 | D:2      | 1200 ||| FLEEEEING.
  1201 | D:2      | 1201 ||| FLEEEEING.
  1202 | D:2      | 1202 ||| FLEEEEING.
  1203 | D:2      | 1203 ||| FLEEEEING.
  1204 | D:2      | 1204 ||| FLEEEEING.
  1205 | D:2      | 1205 ||| FLEEEEING.
  1206 | D:2      | 1206 ||| FLEEEEING.
  1207 | D:2      | 1207 ||| FLEEEEING.
  1208 | D:2      | 1208 ||| FLEEEEING.
  1209 | D:2      | 1209 ||| STAIRDANCE
  1420 | D:2      | 1420 ||| STAIRDANCE
  1506 | D:2      | Found an ancient bone altar of Kikubaaqudgha.
  1577 | D:2      | Reached skill level 4 in Axes
  2171 | D:2      | Found a runed translucent door.
  2172 | D:2      | Noticed Crazy Yiuf
  2290 | D:2      | 2290 ||| UPGRADING to +1 cloak.
  2295 | D:2      | 2295 ||| READING scroll labelled OSHRUE XIANO.
  2296 | D:2      | 2296 ||| READING scroll labelled SUIKKY VUOKHOWECK.
  2297 | D:2      | 2297 ||| READING scroll labelled MILYNA DOHE.
  2298 | D:2      | 2298 ||| READING 2 scrolls labelled TIDIESKAIXU.
  2299 | D:2      | 2299 ||| READING scroll labelled SOMON NIGUI.
  2299 | D:2      | Identified a scroll of acquirement
  2299 | D:2      | 2299 ||| ACQUIRING ring of Disaster {rF++ Str+6}
  2299 | D:2      | Acquired the ring of Disaster {rF++ Str+6}
  2301 | D:2      | 2301 ||| UPGRADING to ring of Disaster {rF++ Str+6}.
  2348 | D:3      | 2348 ||| DROPPING +0 club.
  2368 | D:3      | Reached XP level 4. HP: 25/26 MP: 8/8
  2397 | D:3      | 2397 ||| READING scroll of brand weapon.
  2397 | D:3      | 2397 ||| BRANDING +0 hand axe of electrocution.
  2553 | D:3      | Reached skill level 5 in Axes
  2614 | D:3      | Found a bloodstained altar of Trog.
  2720 | D:3      | 2720 ||| READING 2 scrolls labelled KIANLY PUINI.
  2721 | D:3      | 2721 ||| READING scroll labelled JENKELL GEGATZ.
  2722 | D:3      | 2722 ||| READING 2 scrolls of identify.
  2722 | D:3      | 2722 ||| IDENTIFYING smoky puce potion
  2723 | D:3      | 2723 ||| DROPPING scroll of fear.
  2724 | D:3      | 2724 ||| DROPPING potion of ambrosia.
  2725 | D:3      | 2725 ||| Stepping randomly (stuck).
  2726 | D:3      | 2726 ||| Stepping ~*~*~tactically~*~*~ (cloud).
  2727 | D:3      | 2727 ||| DRINKING 4 potions of curing.
  2727 | D:3      | 2727 ||| (to cure poison)
  2848 | D:4      | 2848 ||| SWAPPING to +0 war axe.
  2852 | D:4      | 2852 ||| DROPPING +0 hand axe of protection.
  2898 | D:4      | Found a radiant altar of Vehumet.
  2938 | D:4      | Gained mutation: Your magical nature lets you fly swiftly
                  | and evasively. [Tengu growth]
  2938 | D:4      | Reached XP level 5. HP: 24/30 MP: 9/9
  3024 | D:4      | Reached skill level 6 in Axes
  3339 | D:4      | Found a blossoming altar of Fedhas.
  3367 | D:4      | 3367 ||| Stepping ~*~*~tactically~*~*~ (hiding).
  3368 | D:4      | 3368 ||| Stepping ~*~*~tactically~*~*~ (hiding).
  3375 | D:4      | Reached XP level 6. HP: 31/35 MP: 10/10
  3378 | D:4      | 3378 ||| Stepping ~*~*~tactically~*~*~ (hiding).
  3486 | D:4      | Reached skill level 7 in Axes
  3646 | D:4      | 3646 ||| UPGRADING to +0 scale mail.
  3656 | D:4      | 3656 ||| DROPPING +0 ring mail.
  3657 | D:4      | 3657 ||| UPGRADING to +0 chain mail.
  3667 | D:4      | 3667 ||| DROPPING +0 scale mail.
  3668 | D:4      | 3668 ||| UPGRADING to ring of ice.
  3669 | D:4      | 3669 ||| READING scroll labelled TOC ETZIVVUIS.
  3670 | D:4      | 3670 ||| READING scroll labelled ONAATIATHO.
  3771 | D:4      | 3771 ||| DRINKING 2 fuming yellow potions.
  3796 | D:5      | Entered Level 5 of the Dungeon
  3799 | D:5      | 3799 ||| STAIRDANCE
  3995 | D:5      | 3995 ||| Stepping ~*~*~tactically~*~*~ (hiding).
  3997 | D:5      | 3997 ||| Stepping ~*~*~tactically~*~*~ (hiding).
  3998 | D:5      | 3998 ||| Stepping ~*~*~tactically~*~*~ (hiding).
  3999 | D:5      | 3999 ||| Stepping ~*~*~tactically~*~*~ (hiding).
  4008 | D:5      | 4008 ||| FLEEEEING.
  4216 | D:5      | HP: 9/36 [ogre/+0 giant club (27)]
  4217 | D:5      | 4217 ||| DRINKING potion of heal wounds.
  4222 | D:5      | Reached skill level 3 in Fighting
  4222 | D:5      | Reached XP level 7. HP: 13/41 MP: 11/11
  4491 | D:5      | Identified the ring of Canea {Contam rCorr Str+6 Dex+3}
  4684 | D:5      | 4684 ||| Stepping ~*~*~tactically~*~*~ (stealth).
  4919 | D:5      | 4919 ||| DROPPING +0 mace.
  5228 | D:5      | 5228 ||| UPGRADING to +0 plate armour.
  5238 | D:5      | 5238 ||| DROPPING orb of guile.
  5239 | D:5      | 5239 ||| DROPPING +0 chain mail.
  5240 | D:5      | 5240 ||| UPGRADING to ring of Canea {Contam rCorr Str+6
                  | Dex+3}.
  5242 | D:5      | 5242 ||| DROPPING ring of ice.
  5243 | D:5      | 5243 ||| DRINKING 2 murky emerald potions.
  5244 | D:5      | 5244 ||| DRINKING 2 inky potions.
  5245 | D:5      | 5245 ||| DROPPING potion of degeneration.
  5246 | D:5      | 5246 ||| DROPPING potion of brilliance.
  5262 | D:6      | 5262 ||| PLANNING OSSUARY
  5274 | D:6      | Reached skill level 3 in Armour
  5383 | D:6      | Reached skill level 8 in Axes
  5661 | D:6      | Reached XP level 8. HP: 30/46 MP: 12/12
  5666 | D:6      | Reached skill level 3 in Dodging
  5826 | D:6      | 5826 ||| SWAPPING to +1 war axe of freezing.
  5827 | D:6      | 5827 ||| DROPPING +0 war axe.
  5828 | D:6      | 5828 ||| DROPPING +2 mace of protection.
  5834 | D:6      | Found a broken altar of Ashenzari.
  6017 | D:6      | 6017 ||| RIP OSSUARY
  6026 | D:6      | 6026 ||| PLANNING D:1-11
  6255 | D:6      | 6255 ||| Stepping ~*~*~tactically~*~*~ (hiding).
  6260 | D:6      | 6260 ||| DRINKING 4 potions of curing.
  6260 | D:6      | 6260 ||| (to cure confusion)
  6263 | D:6      | Reached skill level 9 in Axes
  6458 | D:6      | Found a staircase to the Ecumenical Temple.
  6459 | D:6      | 6459 ||| PLANNING TEMPLE
  6459 | D:6      | 6459 ||| READING 3 scrolls labelled ISIVI XUOX OFI.
  6503 | Temple   | Entered the Ecumenical Temple
  6508 | Temple   | Became a worshipper of Warmaster Okawaru
  6509 | Temple   | 6509 ||| READING 2 scrolls of teleportation.
  6510 | Temple   | 6510 ||| PLANNING D:1-11
  6895 | D:6      | Reached skill level 10 in Axes
  6993 | D:6      | Found a hide-covered altar of Uskayaw.
  6993 | D:6      | Found a stormy altar of Qazlal.
  7062 | D:6      | 7062 ||| READING 2 scrolls of identify.
  7062 | D:6      | 7062 ||| IDENTIFYING sedimented white potion
  7063 | D:6      | 7063 ||| DROPPING potion of flight.
  7215 | D:7      | 7215 ||| Stepping ~*~*~tactically~*~*~ (hiding).
  7216 | D:7      | 7216 ||| Stepping ~*~*~tactically~*~*~ (hiding).
  7218 | D:7      | 7218 ||| Stepping ~*~*~tactically~*~*~ (hiding).
  7288 | D:7      | Noticed Duvessa
  7289 | D:7      | Noticed Dowan
  7291 | D:7      | Killed Dowan
  7292 | D:7      | Reached XP level 9. HP: 52/52 MP: 13/13
  7301 | D:7      | Killed Duvessa
  7593 | D:7      | Noticed Maggie
  7594 | D:7      | 7594 ||| Stepping ~*~*~tactically~*~*~ (hiding).
  7608 | D:7      | HP: 3/47 [Maggie/+2 broad axe of draining (10)]
  7608 | D:7      | Slain by Maggie

Levels and vault maps discovered:
D:1:      psy_arrival_whirlpool, layout_loops_ring
D:2:      layout_loops_ring, basic_altar, chequers_serial_rivers_large_b,
          uniq_crazy_yiuf_cottage
D:3:      layout_rooms, trog_book, minmay_misc_feat_tiny
D:4:      layout_rooms, mainiacjoe_overflow_24_doors,
          mainiacjoe_overflow_alcove_1, serial_demonic, serial_demonic_c,
          serial_demonic_b, serial_demonic_g, serial_demonic_a
D:5:      layout_gridville
D:6:      layout_layer_cave, evilmike_ruin_ashenzari,
          gammafunk_temple_overflow_wave, minmay_temple_entry_glass,
          lightli_ossuary_entry_decrepit_ruins, kennysheep_generic_room_2
D:7:      layout_loops_cross, riverfiend_overflow_shadow_ancestor, uniq_maggie,
          uniq_duvessa
Temple:   hellmonk_temple_micro_hex

Skill      XL: |  1  2  3  4  5  6  7  8 |
---------------+-------------------------+-----
Axes           | 3 4 5 6 7 8 10 | 10.0
Armour         | 2 3 4 |  4.6
Fighting       | 3 4 |  4.9
Dodging        | 4 |  4.2
Throwing       | |  1.0
Spellcasting   | |  2.0
Translocations | |  2.4

Action                   |  1- 3 |  4- 6 |  7- 9 || total
-------------------------+-------+-------+-------++-------
Melee: Hand axe          |    75 |     7 |       ||    82
       Kick              |    20 |    18 |    25 ||    63
       Peck              |     6 |    14 |    21 ||    41
       Punch             |     1 |       |     4 ||     5
       War axe           |       |    65 |   111 ||   176
Throw: Boomerang         |    31 |    34 |    53 ||   118
  Use: Potion            |     2 |     3 |     3 ||     8
       Scroll            |     6 |     6 |     3 ||    15
Armor: Leather armour    |    12 |       |       ||    12
       Ring mail         |    16 |    56 |       ||    72
       Chain mail        |       |     6 |    13 ||    19
       Plate armour      |       |       |    41 ||    41
Dodge: Dodged            |    44 |    82 |    44 ||   170

Table legend:
 A = Non-vault XP
 B = Vault XP
 C = Vault XP percentage of total XP
 D = Non-vault monster count
 E = Vault monster count
 F = Vault count percentage of total count
                 A         B        C        D         E       F
            +---------+---------+-------+---------+---------+-------
      Total |    2100 |     452 |  17.7 |     112 |      11 |   8.9
            +---------+---------+-------+---------+---------+-------
        D:1 |      28 |       0 |   0.0 |      18 |       0 |   0.0
        D:2 |      42 |       0 |   0.0 |      18 |       0 |   0.0
        D:3 |      49 |       0 |   0.0 |      14 |       0 |   0.0
        D:4 |     116 |     149 |  56.2 |      14 |       8 |  36.4
        D:5 |     522 |       0 |   0.0 |      19 |       0 |   0.0
        D:6 |    1193 |      83 |   6.5 |      24 |       1 |   4.0
        D:7 |     150 |     220 |  59.5 |       5 |       2 |  28.6
            +---------+---------+-------+---------+---------+-------
